AoeStats
← Zumoshi

Arabia

507687168Analyzed
1v1 RM · 14d ago on Sep 19, 2026· 62m 30s· 2 players
Game mode
Random Map
Map size
Tiny (2 player)
Population
200
Speed
Normal
Resources
Standard
Victory
Conquest
Starting age
Dark Age
Ending age
Imperial Age
RankedLock teamsTeams togetherTeam positionsShared explorationLock speedFull tech treeHidden civsTurbo modeCheats
Victory
Defeat
🇮🇱 Khitans · Israel
1163
+17
🇨🇳 Goths · China
1183
-17
Zumoshi
7:33 Loom
9:43 Feudal Age
10:09 Double-Bit Axe
12:39 Man-at-Arms
14:09 Forging
15:21 Scale Mail Armor
24:58 Castle Age
25:28 Gold Mining
25:12 Long Swordsman
25:53 Squires
26:38 Iron Casting
27:35 Chain Mail Armor
29:08 Bow Saw
28:40 Domestication
31:09 Wheelbarrow
30:37 Pastoralism
36:37 Gold Mining
41:18 Lamellar Armor
43:40 Hand Cart
43:54 Arson
46:41 Imperial Age
46:44 Elite Liao Dao
47:47 Conscription
47:46 Husbandry
48:35 Plate Mail Armor
49:12 Scale Barding Armor
48:30 Light Cavalry
49:11 Stone Mining
50:23 Two-Man Saw
49:55 Transhumance
51:36 Ballistics
51:15 Murder Holes
57:25 Hussar
58:27 Chain Barding Armor
58:02 Fletching
60:41 Plate Barding Armor
1521504505
10:14 Feudal Age
10:17 Man-at-Arms
17:51 Forging
17:43 Scale Mail Armor
21:23 Double-Bit Axe
25:32 Castle Age
23:59 Gold Mining
23:51 Horse Collar
25:42 Long Swordsman
27:23 Iron Casting
27:26 Squires
29:17 Loom
30:53 Chain Mail Armor
35:40 Bow Saw
40:02 Heavy Plow
45:56 Stone Mining
51:22 Imperial Age
49:29 Wheelbarrow
51:37 Stone Shaft Mining
51:31 Two-Handed Swordsman
53:17 Blast Furnace
52:21 Champion
53:16 Pikeman
58:31 Crop Rotation
Connection lost

Rejoining the realm…

Still unreachable

The connection could not be restored.

Session expired

The server has moved on; the page needs a fresh start.